AoeStats
← All Conquistadors Are BSTRD

Baltic

510615296Analyzed
3v3 RM · 1d ago on Oct 1, 2026· 49m 37s· 6 players
Game mode
Random Map
Map size
Normal (6 player)
Population
200
Speed
Normal
Resources
Standard
Victory
Conquest
Starting age
Dark Age
Ending age
Imperial Age
RankedLock teamsTeams togetherTeam positionsShared explorationLock speedFull tech treeHidden civsTurbo modeCheats
Victory
Defeat
1262
+14
🇺🇸 Portuguese · United States
1226
+16
🇲🇽 Danes · Mexico
1201
+17
🇬🇧 Saxons · United Kingdom
1283
-18
🇬🇧 Danes · United Kingdom
1201
-15
🇬🇧 Chinese · United Kingdom
1181
-14
X Saint
3:51 Loom
11:18 Feudal Age
13:07 Double-Bit Axe
19:45 Castle Age
18:09 Gold Mining
19:27 Forging
20:41 Medium Warships
20:40 Fletching
20:57 Stone Mining
28:59 Ballistics
37:06 Imperial Age
35:01 Horse Collar
37:48 Crossbowman
40:03 Chemistry
40:56 Bodkin Arrow
41:23 Heavy Plow
42:03 Bracer
42:34 Padded Archer Armor
42:07 Arbalester
All Conquistadors Are BSTRD
6:55 Loom
11:42 Feudal Age
12:55 Double-Bit Axe
18:30 Castle Age
19:42 Medium Warships
22:07 Bloodlines
25:21 Scale Barding Armor
25:34 Horse Collar
29:12 Chain Barding Armor
29:03 Forging
29:04 Husbandry
33:18 Iron Casting
34:05 Wheelbarrow
33:16 Town Watch
38:34 Wheelbarrow
38:42 Gold Mining
38:42 Stone Mining
43:28 Imperial Age
43:41 Cavalier
47:15 Gold Shaft Mining
46:42 Heavy Plow
46:53 Bow Saw
47:52 Conscription
48:55 Plate Barding Armor
48:32 Farimba
49:18 Heavy Camel Rider
Cdeleon
9:09 Loom
11:46 Feudal Age
15:37 Castle Age
13:30 Double-Bit Axe
15:55 Fletching
17:15 Bow Saw
17:44 Bodkin Arrow
23:29 Arson
27:49 Horse Collar
33:07 Heavy Plow
36:36 Imperial Age
34:35 Gold Mining
35:13 Ballistics
35:57 Scale Mail Armor
36:48 Chain Mail Armor
36:44 Forging
36:43 Capped Ram
38:26 Wheelbarrow
37:52 Elite Jomsviking
38:59 Bracer
40:12 Siege Engineers
41:09 Chemistry
40:52 Iron Casting
42:14 Plate Mail Armor
42:45 Blast Furnace
41:35 Gambesons
41:51 Squires
42:59 Elite Varangian Guard
44:28 Hand Cart
43:59 Town Watch
46:36 Town Patrol
46:30 Heated Shot
46:37 Murder Holes
48:17 Padded Archer Armor
48:28 Pikeman
49:42 Leather Archer Armor
King Slug
8:26 Loom
12:02 Feudal Age
12:41 Double-Bit Axe
13:02 Gold Mining
16:19 Fletching
21:32 Castle Age
22:23 Medium Warships
22:12 Bodkin Arrow
31:33 Ballistics
32:43 Stone Mining
36:06 Town Watch
48:06 Forging
Slug Life
11:13 Feudal Age
14:54 Double-Bit Axe
15:20 Loom
20:25 Castle Age
18:44 Gold Mining
19:15 Fletching
21:20 Medium Warships
22:13 Careening
22:56 Bodkin Arrow
23:24 Ballistics
27:10 Heated Shot
31:39 Pikeman
34:37 Scale Mail Armor
40:33 Forging
47:17 Imperial Age
Father Slugmas
0:31 Loom
14:08 Feudal Age
16:31 Fletching
17:30 Forging
18:17 Double-Bit Axe
20:57 Castle Age
20:29 Horse Collar
21:09 Stone Mining
22:36 Stone Shaft Mining
22:20 Bow Saw
22:31 Gold Mining
23:39 Bodkin Arrow
24:13 Heavy Plow
30:04 Wheelbarrow
30:56 Squires
33:04 Ballistics
33:11 Pikeman
37:11 Imperial Age
35:12 Padded Archer Armor
37:15 Elite Chu Ko Nu
38:19 Conscription
38:04 Halberdier
40:43 Forging
40:34 Bracer
40:36 Scale Mail Armor
41:56 Rocketry
43:05 Leather Archer Armor
43:08 Chain Mail Armor
43:22 Cavalier
45:18 Light Cavalry
46:10 Bloodlines
46:40 Hand Cart
47:01 Husbandry
Connection lost

Rejoining the realm…

Still unreachable

The connection could not be restored.

Session expired

The server has moved on; the page needs a fresh start.